 Dungeon Crawl Stone Soup version 0.29.1-15-g9cfb28693d (webtiles) character file.

Game seed: 10639177947451112914

96005 croobank the Unseen (level 16, -12/123 HPs)
             Began as an Octopode Summoner on Feb 26, 2023.
             Was an Initiate of Gozag.
             Mangled by a wolf spider simulacrum (31 damage)
             ... on level 15 of the Dungeon.
             The game lasted 03:00:13 (36574 turns).

croobank the Unseen (Octopode Summoner)            Turns: 36574, Time: 03:00:13

Health: -12/123    AC:  5    Str: 13    XL:     16   Next: 15%
Magic:  32/36      EV: 18    Int: 49    God:    Gozag
Gold:   2820       SH:  0    Dex: 13    Spells: 7/35 levels left

rFire   . . .      SeeInvis .   Y - +6 Majin-Bo {vamp, MP+6 Int+6}
rCold   . . .      Faith    .   (shield currently unavailable)
rNeg    . . .      Spirit   .   (helmet restricted)
rPois   +          Reflect  .   Z - amulet of magic regeneration
rElec   .          Harm     .   p - ring of wizardry
rCorr   .          Rampage  .   a - +6 ring of intelligence
Will    +....                   K - ring of poison resistance
Stlth   +++++++...              V - +6 ring of intelligence
HPRegen 0.30/turn               b - +4 ring of slaying
MPRegen 0.65/turn               J - +4 ring of protection
                                C - +6 ring of intelligence
                                R - +6 ring of strength

@: gold aura
A: almost no armour, amphibious, 8 rings, camouflage 1, gelatinous body 1,
(nimble swimmer 1), tentacles, antennae 1, robust 1, MP-powered wands
a: Renounce Religion, Potion Petition, Call Merchant, Bribe Branch


You were on level 15 of the Dungeon.
You worshipped Gozag.
Gozag was most pleased with you.
You visited 4 branches of the dungeon, and saw 22 of its levels.
You visited 1 bazaar.
You also visited: Sewer, Gauntlet and Volcano.

You collected 7537 gold pieces.
You spent 2733 gold pieces at shops.
You paid 1984 gold pieces to Gozag.

Inventory:

Hand Weapons
 o - a +4 broad axe
 E - the +7 lajatang of Order {silver, rMut}
   (You found it in a Gauntlet)

   It inflicts extra damage upon those it strikes, and deals substantially
   increased damage to chaotic, mutated and magically transformed beings.
   rMut:      It protects you from mutation.
 O - the +7 longbow of the Onslaught {venom, Str-4 Int+9}
   (You acquired it on level 13 of the Dungeon)

   Any ammunition fired from it poisons the flesh of those it strikes.
   Str:       It affects your strength (-4).
   Int:       It affects your intelligence (+9).
 Q - a +4 trident of protection
 Y - the +6 Majin-Bo (weapon) {vamp, MP+6 Int+6}
   (You bought it in a shop in a bazaar)

   It heals its wielder for a portion of the damage dealt when they wound a
   living foe with it or with a spell.
   Its wielder's spells cost health as well as magical power.
   Int:       It affects your intelligence (+6).
   MP:        It affects your magic capacity (+6).
Missiles
 F - 6 silver javelins
 L - 5 silver boomerangs
 M - 15 javelins (quivered)
Jewellery
 a - a +6 ring of intelligence (right tentacle)
 b - a +4 ring of slaying (on tentacle)
 e - a +6 ring of dexterity
 n - a ring of resist corrosion
 p - a ring of wizardry (left tentacle)
 A - a ring of flight
 B - a ring of willpower
 C - a +6 ring of intelligence (on tentacle)
 H - a ring of willpower
 J - a +4 ring of protection (on tentacle)
 K - a ring of poison resistance (on tentacle)
 P - an amulet of regeneration
 R - a +6 ring of strength (on tentacle)
 T - a +4 ring of slaying
 V - a +6 ring of intelligence (on tentacle)
 W - the ring of Suicidal Tendencies {rF+ rC- rN+++ Int+4 Slay+4}
   (You found it in a Gauntlet)

   [ring of slaying]

   Int:       It affects your intelligence (+4).
   Slay:      It affects your accuracy & damage with ranged weapons and melee
   (+4).
   rF:        It protects you from fire.
   rC:        It makes you vulnerable to cold.
   rN:        It renders you almost immune to negative energy.
 Z - an amulet of magic regeneration (around mantle)
Wands
 k - a wand of digging (6)
 r - a wand of roots (18)
 t - a wand of paralysis (10)
 v - a wand of acid (7)
 D - a wand of flame (7)
 I - a wand of mindburst (15)
Scrolls
 f - 3 scrolls of blinking
 j - 6 scrolls of teleportation
 l - a scroll of magic mapping
 z - 8 scrolls of enchant weapon
 N - 4 scrolls of butterflies
Potions
 c - 4 potions of invisibility
 g - 6 potions of haste
 h - 3 potions of brilliance
 i - 10 potions of resistance
 m - 8 potions of cancellation
 q - 6 potions of flight
 s - a potion of ambrosia
 u - 2 potions of magic
 w - 6 potions of curing
 x - 6 potions of attraction
 y - 5 potions of heal wounds
 G - 4 potions of lignification
 S - 5 potions of might
 U - 3 potions of berserk rage
Miscellaneous
 X - a phial of floods


   Skills:
 + Level 11.1 Fighting
 + Level 6.2 Polearms
 + Level 0.6(3.9) Staves
 + Level 11.5 Dodging
 + Level 15.7 Stealth
 - Level 6.0 Shields
 + Level 10.0 Spellcasting
 - Level 7.2 Hexes
 + Level 14.0 Summonings
 - Level 7.0 Air Magic


You had 7 spell levels left.
You knew the following spells:

 Your Spells              Type           Power      Damage    Failure   Level
a - Summon Small Mammal   Summ           100%       N/A       0%          1
b - Call Imp              Summ           100%       N/A       0%          2
c - Call Canine Familiar  Summ           100%       N/A       0%          3
d - Summon Guardian Gole  Hex/Summ       91%        N/A       1%          3
e - Summon Lightning Spi  Summ/Air       91%        N/A       1%          4
f - Summon Mana Viper     Hex/Summ       91%        N/A       1%          5
g - Monstrous Menagerie   Summ           52%        N/A       1%          7
h - Mephitic Cloud        Conj/Pois/Air  47%        N/A       1%          3

Your spell library contained the following spells:

 Spells                   Type           Power      Damage    Failure   Level
 Beastly Appendage        Tmut           48%        N/A       1%          1
 Magic Dart               Conj           96%        1d7       1%          1
 Sting                    Tmut/Pois      96%        1d7       1%          1
 Poisonous Vapours        Pois/Air       100%       N/A       1%          2
 Static Discharge         Conj/Air       56%        3-10/arc  1%          2
 Sublimation of Blood     Necr           24%        N/A       1%          2
 Wereblood                Tmut           24%        N/A       1%          2
 Confusing Touch          Hex            76%        N/A       1%          3
 Inner Flame              Hex/Fire       56%        N/A       1%          3
 Spider Form              Tmut/Pois      24%        N/A       1%          3
 Cause Fear               Hex            38%        N/A       1%          4
 Fulminant Prism          Conj/Hex       28%        3d14      1%          4
 Summon Ice Beast         Ice/Summ       76%        N/A       1%          4
 Summon Hydra             Summ           52%        N/A       1%          7
 Lightning Bolt           Conj/Air       28%        1d44      2%          5
 Metabolic Englaciation   Hex/Ice        28%        N/A       2%          5
 Yara's Violent Unravell  Hex/Tmut       28%        3d12      2%          5
 Iskenderun's Mystic Bla  Conj/Tloc      24%        2d7       4%          4
 Olgreb's Toxic Radiance  Pois           24%        N/A       4%          4
 Petrify                  Tmut/Erth      24%        N/A       4%          4
 Borgnjor's Vile Clutch   Necr/Erth      12%        N/A       11%         5
 Fireball                 Conj/Fire      12%        3d7       11%         5
 Iskenderun's Battlesphe  Conj           24%        2d8       11%         5
 Lee's Rapid Deconstruct  Erth           12%        3d9*      11%         5
 Conjure Ball Lightning   Conj/Air       28%        3x3d8     14%         6
 Enfeeble                 Hex            38%        N/A       16%         7
 Haunt                    Necr/Summ      38%        N/A       17%         7
 Malign Gateway           Summ/Tloc      38%        N/A       17%         7
 Spellforged Servitor     Conj/Summ      38%        N/A       17%         7
 Death Channel            Necr           12%        N/A       47%         6
 Iron Shot                Conj/Erth      12%        9d3       47%         6
 Statue Form              Tmut/Erth      16%        N/A       47%         6
 Orb of Destruction       Conj           12%        9d7       95%         7
 Summon Horrible Things   Summ           52%        N/A       9%          8
 Discord                  Hex            38%        N/A       75%         8
 Maxwell's Capacitive Co  Air            37%        ∞         77%         8
 Disjunction              Tloc           12%        N/A       100%        8
 Animate Dead             Necr           Unusable   N/A       N/A         4

Dungeon Overview and Level Annotations

Branches:
Dungeon (13/15)            Temple (1/1) D:7            Lair (5/5) D:8
 Shoals (0/4) Lair:2        Snake (0/4) Lair:3        Slime (0/5) Lair:5
    Orc (2/2) D:9             Elf (0/3) Orc:2        Vaults (0/5) D:13
  Sewer (visited)         Volcano (visited)         Gauntlet (visited)

Altars:
Ashenzari
Cheibriados
Dithmenos
Elyvilon
Fedhas
Gozag
Hepliaklqana
Kikubaaqudgha
Makhleb
Nemelex Xobeh
Okawaru
Qazlal
Ru
Sif Muna
Trog
Uskayaw
Vehumet
Wu Jian
Xom
Yredelemnul
Zin
The Shining One

Shops:
D:5 *   D:11 !   Orc:2 ?:[?

Annotations:
D:2 Sigmund
D:6 1 runed translucent door, Crazy Yiuf
Orc:2 2 transporters, cowcol's ghost, journeyman MiMo


Innate Abilities, Weirdness & Mutations

You cannot wear most types of armour.
You are amphibious.
You can wear up to eight rings at the same time.
Your skin changes colour to match your surroundings (Stealth+).
Your rubbery body absorbs attacks. (AC +1, EV +1)
((You are camouflaged when in or above water. (Stealth+)))
You have tentacles for arms and can constrict up to eight enemies at once.
You have a pair of small antennae on your head.
You are robust. (+10% HP)
You expend magic power (3 MP) to strengthen your wands.


Message History

The five-headed hydra bites your manticore!
The five-headed hydra closely misses your manticore.
The five-headed hydra bites your manticore!
The five-headed hydra barely misses your manticore.
The five-headed hydra bites your manticore!
Your manticore bites the five-headed hydra!
The five-headed hydra dies!
The cyclops hits your guardian golem!!
Your manticore bites the cyclops!!
Your manticore claws the cyclops!
Your manticore claws the cyclops but does no damage.
You hit the wolf spider simulacrum. You grab the wolf spider simulacrum.
You squeeze the wolf spider simulacrum!
The wolf spider simulacrum is heavily damaged.
You constrict the wolf spider simulacrum.
The wolf spider simulacrum hits you!
The wolf spider simulacrum freezes you!!
The wolf spider simulacrum closely misses you.
The cyclops hits your manticore but does no damage.
Your manticore bites the cyclops!!
The cyclops dies!
The wolf spider simulacrum hits you.
The wolf spider simulacrum freezes you!!
* * * LOW HITPOINT WARNING * * *
The wolf spider simulacrum misses you.
You are too injured to fight recklessly!
Okay, then.
You feel much better.
You constrict the wolf spider simulacrum.
Your manticore disappears in a puff of smoke!
The wolf spider simulacrum hits you!
The wolf spider simulacrum freezes you!!
* * * LOW HITPOINT WARNING * * *
The wolf spider simulacrum completely misses you.
The white imp is distracted by your dazzling golden aura.
You release your grip on the wolf spider simulacrum.
The wolf spider simulacrum hits you!
* * * LOW HITPOINT WARNING * * *
The wolf spider simulacrum freezes you!!
You die...
Your body crumbles into a pile of gold.

... ... ...
#######$#####
#......$....###
......H.§......
......9.....#####
.......@..#.#.#.#.
......Z..#.#.#.#.#
..#####...#.#.#.#
#.##.#.#.#
...#.#.#.#
##5.##.#.#
...#.#.#.# $
....##.#.#$#
.....#.#.#.#.#


You could see a white imp (unaware), a wolf spider simulacrum (ally target), a
friendly manticore (summoned, sheltered) and a friendly guardian golem
(summoned).

Vanquished Creatures
  A catoblepas (Lair:4)
  A two-headed ogre (D:12)
  3 elephants
  2 black mambas
  2 rime drakes
  An unseen horror (D:11)
  4 blink frogs (Lair:4)
  Grinder (Sewer)
  3 yaks
  A wyvern (Lair:5)
  Grum (D:8)
  A fire elemental (Orc:2)
  A basilisk (Lair:4)
  2 redbacks (Gauntlet)
  Menkaure (D:5)
  A warg (D:8)
  2 nameless horrors
  2 water moccasins
  3 orc warriors
  A sky beast (D:7)
  2 centaurs
  2 wolves (D:8)
  A kobold brigand (Sewer)
  A gnoll sergeant (D:7)
  4 bullfrogs
  A scorpion (D:4)
  A wight (D:6)
  8 howler monkeys
  2 killer bees (D:12)
  4 electric eels
  4 hounds
  A gnoll bouda (D:7)
  An orc wizard (D:12)
  A gnoll (D:7)
  7 adders
  A river rat (D:5)
  3 shadow imps
  A white imp (D:7)
  2 ufetubi (Sewer)
  A worm (D:2)
  3 dart slugs
  12 orcs
  2 bats
  4 endoplasms
  4 giant cockroaches
  4 goblins
  5 hobgoblins
  A jackal (D:7)
  2 quokkas
  7 ball pythons
  2 frilled lizards (D:2)
  15 kobolds
  A kobold zombie (Sewer)
  3 rats
  A butterfly (Lair:4)
148 creatures vanquished.

Vanquished Creatures (collateral kills)
  Gastronok (D:9)
  Azrael (Orc:2)
  2 dire elephants (Lair:5)
  8 hydras
  A vault guard (D:13)
  An ice dragon (D:13)
  2 boulder beetles
  An ogre mage (Volcano)
  9 death yaks
  Erica (D:11)
  A death knight (D:12)
  2 catoblepae
  A centaur warrior (D:13)
  10 two-headed ogres
  Urug (D:12)
  An orc high priest (Orc:1)
  Sonja (Orc:2)
  A hell knight (Volcano)
  A shadow wraith (D:13)
  A skeletal warrior (D:12)
  A spectral death yak (Lair:5)
  Lodul (D:11)
  A spectral anaconda (Lair:5)
  An obsidian statue (Lair:5)
  2 orc knights
  4 deep elf pyromancers
  An ugly thing (D:12)
  6 manticores
  2 cyclopes
  3 necromancers (Lair:5)
  2 oklob plants
  A moth of wrath (Gauntlet)
  13 elephants
  Joseph (D:9)
  3 black mambas (Lair:5)
  4 gargoyles
  An orange demon (D:8)
  9 cane toads
  A dire elephant skeleton (Lair:5)
  An unseen horror (D:12)
  3 rime drakes
  6 komodo dragons
  A queen bee (D:12)
  4 trolls
  A spectral elephant (Lair:5)
  A raiju (shapeshifter) (D:15)
  A snapping turtle (Lair:2)
  A dream sheep (Lair:4)
  8 blink frogs
  A water elemental (D:11)
  2 shadows
  6 wyverns
  32 yaks
  A vampire (D:11)
  6 wraiths
  A dire elephant simulacrum (Lair:5)
  2 basilisks
  2 fire elementals (Orc:2)
  A redback (Gauntlet)
  A death yak simulacrum (Lair:5)
  8 vampire mosquitoes
  3 wargs
  2 nagas (Lair:3)
  2 spectral cane toads (Lair:5)
  13 water moccasins
  3 acid dragons
  2 hell hounds (Orc:2)
  29 orc warriors
  An elephant zombie (Lair:5)
  3 black bears
  11 centaurs
  13 ogres
  An elephant skeleton (Lair:5)
  A kobold brigand (D:8)
  Blork the orc (D:5)
  7 bullfrogs
  4 gnoll sergeants
  A necrophage (D:6)
  3 cane toad simulacra (Lair:5)
  9 wights
  An elephant simulacrum (Lair:5)
  28 killer bees
  2 howler monkeys
  6 hounds
  4 jellies
  15 orc priests
  A gnoll bouda (D:7)
  16 orc wizards
  2 iguanas
  A nameless horror (D:8)
  18 gnolls
  8 adders
  A river rat (D:5)
  A white imp (D:7)
  2 ufetubi (Sewer)
  2 worms
  2 dart slugs
  49 orcs
  7 endoplasms
  2 goblins
  4 hobgoblins
  A jackal (D:7)
  A quokka (D:1)
  3 ball pythons
  3 bats
  3 frilled lizards
  18 kobolds
  A kobold zombie (Sewer)
  A rat (D:5)
  A butterfly (Lair:4)
507 creatures vanquished.

Vanquished Creatures (others)
  A minotaur (Gauntlet)
  4 hydras
  2 two-headed ogres
  2 death yaks (Lair:5)
  Amaemon (D:8)
  An orc knight (Orc:2)
  2 black mambas (Lair:5)
  An elephant (Lair:4)
  Maggie (D:8)
  A cane toad (Lair:3)
  A minotaur zombie (Gauntlet)
  A komodo dragon (Lair:4)
  A polar bear (Lair:2)
  A wyvern (D:5)
  18 yaks
  A basilisk (Lair:3)
  A water moccasin (Lair:4)
  Edmund (D:5)
  2 orc warriors (Orc:2)
  An ogre (D:6)
  A centaur (Orc:2)
  A kobold brigand (Sewer)
  A bullfrog (D:8)
  A scorpion (D:5)
  A jelly (Lair:5)
  A quasit (Sewer)
  2 iguanas
  An orc wizard (D:9)
  A kobold zombie (Sewer)
  A butterfly (Lair:5)
  32 fungi
  58 plants
  18 withered plants (Lair:5)
163 creatures vanquished.

Grand Total: 818 creatures vanquished

Notes
Turn   | Place    | Note
-------+----------+-------------------------------------------
     0 | D:1      | croobank the Octopode Summoner began the quest for the Orb.
     0 | D:1      | Reached XP level 1. HP: 11/11 MP: 3/3
    42 | D:1      | Found a faded altar of an unknown god.
   511 | D:1      | Reached XP level 2. HP: 17/17 MP: 0/5
   579 | D:1      | Learned a level 2 spell: Call Imp
   583 | D:1      | Reached skill level 3 in Stealth
  1011 | D:1      | Reached XP level 3. HP: 21/22 MP: 6/6
  1037 | D:1      | Learned a level 3 spell: Call Canine Familiar
  1419 | D:2      | Noticed Sigmund
  1563 | D:2      | Reached skill level 1 in Fighting
  1735 | D:2      | Reached XP level 4. HP: 28/28 MP: 7/7
  3262 | D:3      | Noticed a black bear
  3278 | D:3      | Killed a black bear
  3279 | D:3      | Reached skill level 4 in Stealth
  3279 | D:3      | Reached skill level 1 in Hexes
  3279 | D:3      | Reached XP level 5. HP: 34/34 MP: 1/9
  3283 | D:3      | Learned a level 3 spell: Summon Guardian Golem
  3547 | D:3      | Reached XP level 6. HP: 39/39 MP: 5/10
  4624 | D:4      | Reached skill level 1 in Air Magic
  5515 | D:5      | Entered Level 5 of the Dungeon
  5608 | D:5      | Found a glowing drain.
  5616 | Sewer    | Entered a sewer
  5661 | Sewer    | Reached XP level 7. HP: 44/45 MP: 11/11
  5882 | Sewer    | Found a burning altar of Makhleb.
  5915 | Sewer    | Reached skill level 5 in Stealth
  5915 | Sewer    | Reached skill level 5 in Summonings
  6170 | Sewer    | Noticed Grinder
  6180 | Sewer    | Killed Grinder
  6283 | Sewer    | Reached XP level 8. HP: 49/52 MP: 4/13
  6493 | D:5      | Learned a level 4 spell: Summon Lightning Spire
  6722 | D:5      | Noticed Blork the orc
  6724 | D:5      | Found a broken altar of Ashenzari.
  6734 | D:5      | Killed Blork the orc
  6761 | D:5      | Found Ypodytro's Serpentskin Sales.
  6774 | D:5      | Reached skill level 6 in Stealth
  7039 | D:5      | Bought a scroll of poison for 52 gold pieces
  7046 | D:5      | Noticed Menkaure
  7051 | D:5      | Killed Menkaure
  7059 | D:5      | Gained mutation: You are robust. (+10% HP) [potion of
                  | mutation]
  7059 | D:5      | Gained mutation: Your muscles are strong. (Str +4, Int/Dex
                  | -1) [potion of mutation]
  7059 | D:5      | Gained mutation: You occasionally lose the ability to read
                  | scrolls when taking damage. [potion of mutation]
  7059 | D:5      | Gained mutation: Your flesh is heat resistant. (rF+)
                  | [potion of mutation]
  7111 | D:5      | Noticed Edmund
  7143 | D:5      | Killed Edmund
  7772 | D:5      | Noticed a wyvern
  7786 | D:5      | Killed a wyvern
  7787 | D:5      | Reached XP level 9. HP: 63/63 MP: 7/15
  8492 | D:6      | Reached skill level 7 in Stealth
  8582 | D:6      | Found a radiant altar of Vehumet.
  8601 | D:6      | Reached skill level 5 in Dodging
  8662 | D:6      | Reached skill level 1 in Shields
  9352 | D:6      | Found a runed translucent door.
  9353 | D:6      | Noticed Crazy Yiuf
 10152 | D:7      | Reached skill level 5 in Spellcasting
 10343 | D:7      | Found a staircase to the Ecumenical Temple.
 10367 | Temple   | Entered the Ecumenical Temple
 10524 | Temple   | Became a worshipper of Gozag Ym Sagoz the Greedy
 10735 | D:7      | Reached XP level 10. HP: 38/71 MP: 4/17
 10738 | D:7      | Reached skill level 8 in Stealth
 11178 | D:7      | Reached skill level 5 in Fighting
 11816 | D:8      | Noticed Maggie
 11834 | D:8      | Killed Maggie
 11835 | D:8      | Reached skill level 5 in Hexes
 11855 | D:8      | HP: 3/72 [orc priest/divine providence (9)]
 11862 | D:8      | HP: 2/72 [orc warrior/+0 short sword (5)]
 12812 | D:8      | Found a staircase to the Lair.
 12919 | D:8      | Noticed an orange demon
 12926 | D:8      | Noticed Amaemon
 12933 | D:8      | Killed an orange demon
 12934 | D:8      | Reached skill level 5 in Air Magic
 12943 | D:8      | Killed Amaemon
 12950 | D:8      | Noticed Grum
 12964 | D:8      | Killed Grum
 12977 | D:8      | Reached skill level 9 in Stealth
 13474 | D:8      | Learned a level 5 spell: Summon Mana Viper
 13735 | D:9      | Noticed a two-headed ogre
 13788 | D:9      | Killed a two-headed ogre
 13789 | D:9      | Reached skill level 5 in Shields
 13789 | D:9      | Reached XP level 11. HP: 79/79 MP: 4/19
 13974 | D:9      | Noticed Gastronok
 13974 | D:9      | Noticed Joseph
 14137 | Lair:1   | Entered Level 1 of the Lair of Beasts
 14144 | Lair:1   | Identified the +1 ring mail of the Purple Skies {+Inv rN+
                  | SInv}
 14161 | Lair:1   | Lost mutation: You are robust. (+10% HP) [potion of
                  | mutation]
 14161 | Lair:1   | Lost mutation: Your muscles are strong. (Str +4, Int/Dex
                  | -1) [potion of mutation]
 14161 | Lair:1   | Lost mutation: Your flesh is heat resistant. (rF+) [potion
                  | of mutation]
 14161 | Lair:1   | Gained mutation: You are clumsy. (Dex -2) [potion of
                  | mutation]
 14161 | Lair:1   | Gained mutation: Your muscles are strong. (Str +4, Int/Dex
                  | -1) [potion of mutation]
 14162 | Lair:1   | Lost mutation: Your muscles are strong. (Str +4, Int/Dex
                  | -1) [potion of mutation]
 14162 | Lair:1   | Lost mutation: You are clumsy. (Dex -2) [potion of
                  | mutation]
 14162 | Lair:1   | Lost mutation: You occasionally lose the ability to read
                  | scrolls when taking damage. [potion of mutation]
 14162 | Lair:1   | Gained mutation: You are occasionally teleported next to
                  | monsters. [potion of mutation]
 14162 | Lair:1   | Gained mutation: You occasionally shout uncontrollably at
                  | your foes. [potion of mutation]
 14162 | Lair:1   | Gained mutation: Your system is resistant to poisons.
                  | (rPois) [potion of mutation]
 14163 | Lair:1   | Lost mutation: You occasionally shout uncontrollably at
                  | your foes. [potion of mutation]
 14163 | Lair:1   | Lost mutation: Your system is resistant to poisons. (rPois)
                  | [potion of mutation]
 14163 | Lair:1   | Lost mutation: You are occasionally teleported next to
                  | monsters. [potion of mutation]
 14163 | Lair:1   | Gained mutation: You expend magic power (3 MP) to
                  | strengthen your wands. [potion of mutation]
 14163 | Lair:1   | Gained mutation: You have a pair of small antennae on your
                  | head. [potion of mutation]
 14163 | Lair:1   | Gained mutation: You are robust. (+10% HP) [potion of
                  | mutation]
 14547 | Lair:1   | Noticed an eight-headed hydra
 14559 | Lair:1   | Killed an eight-headed hydra
 14620 | Lair:1   | Noticed an eight-headed hydra
 14630 | Lair:1   | Killed an eight-headed hydra
 15221 | Lair:2   | Found a gate leading to a gauntlet.
 15295 | Gauntlet | Entered a Gauntlet
 15295 | Gauntlet | Found a transporter.
 15295 | Gauntlet | Found a transporter.
 15296 | Gauntlet | Noticed a tengu warrior
 15298 | Gauntlet | Found a transporter.
 15298 | Gauntlet | Found a transporter.
 15302 | Gauntlet | Found a transporter.
 15302 | Gauntlet | Found a transporter.
 15365 | Gauntlet | Found a runed translucent door.
 15365 | Gauntlet | Found a runed translucent door.
 15369 | Gauntlet | Found a transporter.
 15373 | Gauntlet | Found a transporter.
 15382 | Gauntlet | Found a transporter.
 15402 | Gauntlet | Found a transporter.
 15403 | Gauntlet | Noticed a moth of wrath
 15416 | Gauntlet | Found a transporter.
 15420 | Gauntlet | Found a transporter.
 15724 | Gauntlet | Killed a moth of wrath
 15725 | Gauntlet | Reached skill level 10 in Stealth
 15751 | Gauntlet | Noticed a minotaur
 15765 | Gauntlet | Killed a minotaur
 16050 | Gauntlet | Identified the ring of Suicidal Tendencies {rF+ rC- rN+++
                  | Int+4 Slay+4}
 16296 | Lair:2   | Reached XP level 12. HP: 72/88 MP: 6/22
 17346 | Lair:2   | Found a staircase to the Shoals.
 18070 | Lair:3   | Found a staircase to the Snake Pit.
 18232 | Lair:3   | Reached skill level 11 in Stealth
 18239 | Lair:3   | HP: 1/89 [blink frog (14)]
 18664 | Lair:3   | Noticed a seven-headed hydra
 18673 | Lair:3   | Killed a seven-headed hydra
 19115 | Lair:3   | Noticed a five-headed hydra
 19127 | Lair:3   | Killed a five-headed hydra
 19128 | Lair:3   | Reached XP level 13. HP: 96/96 MP: 6/24
 19372 | Lair:4   | Reached skill level 10 in Summonings
 19715 | Lair:4   | Found a dark tunnel.
 19730 | Lair:4   | Learned a level 7 spell: Monstrous Menagerie
 19735 | Volcano  | Entered a volcano
 19787 | Volcano  | Found a radiant altar of Vehumet.
 19795 | Volcano  | Paralysed by something for 5 turns
 19812 | Volcano  | Reached skill level 12 in Stealth
 19857 | Volcano  | Paralysed by an ogre mage for 4 turns
 20737 | Lair:4   | Found a blossoming altar of Fedhas.
 22129 | Lair:5   | Entered Level 5 of the Lair of Beasts
 22456 | Lair:5   | Reached XP level 14. HP: 106/106 MP: 12/26
 22458 | Lair:5   | Reached skill level 13 in Stealth
 23817 | Lair:5   | Reached skill level 10 in Dodging
 24075 | Lair:5   | Found a staircase to the Slime Pits.
 24594 | Lair:5   | Noticed a dire elephant
 24599 | Lair:5   | Learned a level 3 spell: Mephitic Cloud
 24599 | Lair:5   | Noticed a dire elephant
 24893 | Lair:5   | Got the Omnibus of Despicable Mysteries and Permutations
 25234 | Lair:5   | Reached skill level 14 in Stealth
 25570 | Lair:5   | Killed a dire elephant
 25586 | Lair:5   | Killed a dire elephant
 25663 | Lair:5   | Identified the +1 robe of Huelir {Str+6 Int+4}
 26005 | D:9      | Killed Joseph
 26012 | D:9      | Killed Gastronok
 26013 | D:9      | Reached skill level 10 in Fighting
 26245 | D:9      | Identified the +10 whip "Aghiqeb" {vorpal, Will+}
 26348 | D:9      | Found an iron altar of Okawaru.
 26352 | D:9      | Found a sparkling altar of Nemelex Xobeh.
 26357 | D:9      | Found an ancient bone altar of Kikubaaqudgha.
 26548 | D:9      | Found a staircase to the Orcish Mines.
 26825 | Orc:1    | Entered Level 1 of the Orcish Mines
 26989 | Orc:1    | Reached XP level 15. HP: 113/113 MP: 9/28
 27320 | Orc:2    | Entered Level 2 of the Orcish Mines
 27762 | Orc:2    | Found Kuschuh's Book Shoppe.
 27762 | Orc:2    | Found Oluckeig's Armour Boutique.
 27762 | Orc:2    | Found Zuck's Magic Scroll Shop.
 27850 | Orc:2    | Noticed a cacodemon
 27856 | Orc:2    | Found a transporter.
 27856 | Orc:2    | Noticed an orc warlord
 27857 | Orc:2    | Noticed cowcol's ghost (journeyman MiMo)
 27889 | Orc:2    | Found a staircase to the Elven Halls.
 27892 | Orc:2    | Found a flickering gateway to a bazaar.
 27905 | Bazaar   | Entered a bazaar
 27919 | Bazaar   | Found Otoomuxa's Distillery.
 27924 | Bazaar   | Bought a potion of heal wounds for 55 gold pieces
 27924 | Bazaar   | Bought a potion of haste for 110 gold pieces
 27924 | Bazaar   | Bought a potion of curing for 33 gold pieces
 27938 | Bazaar   | Found Liopiaj's Distillery.
 27938 | Bazaar   | Found Puitauge's Weapon Shoppe.
 27975 | Bazaar   | Found Rasho's Jewellery Emporium.
 27975 | Bazaar   | Found Haatson's General Store.
 28008 | Bazaar   | Bought a +6 ring of intelligence for 504 gold pieces
 28043 | Bazaar   | Bought the +6 Majin-Bo {vamp, MP+6 Int+6} for 593 gold
                  | pieces
 28043 | Bazaar   | Found the +6 Majin-Bo {vamp, MP+6 Int+6}
 28071 | Bazaar   | Bought a scroll of teleportation for 42 gold pieces
 28116 | Bazaar   | Bought a potion of heal wounds for 85 gold pieces
 28116 | Bazaar   | Bought a potion of magic for 136 gold pieces
 28116 | Bazaar   | Bought a potion of magic for 136 gold pieces
 28116 | Bazaar   | Bought a potion of might for 68 gold pieces
 28116 | Bazaar   | Bought a potion of brilliance for 68 gold pieces
 28148 | Bazaar   | Bought a scroll of brand weapon for 133 gold pieces
 28188 | Bazaar   | Bought a potion of cancellation for 88 gold pieces
 28188 | Bazaar   | Bought 2 potions of might for 88 gold pieces
 28188 | Bazaar   | Bought a potion of resistance for 110 gold pieces
 28188 | Bazaar   | Bought a potion of resistance for 110 gold pieces
 28369 | Orc:2    | Found Qurghess's Magic Scroll Emporium.
 28635 | Orc:2    | Noticed Sonja
 28642 | Orc:2    | Killed Sonja
 29019 | Orc:2    | Noticed Azrael
 29025 | Orc:2    | Reached skill level 1 in Polearms
 29033 | Orc:2    | Killed Azrael
 29248 | Orc:2    | Found a transporter.
 29903 | D:10     | Entered Level 10 of the Dungeon
 31169 | D:11     | Found Baorghe's Distillery.
 31238 | D:11     | Noticed Erica
 31247 | D:11     | Noticed Lodul
 31251 | D:11     | Killed Erica
 31597 | D:11     | Killed Lodul
 32121 | D:11     | Reached skill level 10 in Spellcasting
 32175 | D:11     | Bought a potion of haste for 140 gold pieces
 32175 | D:11     | Bought a potion of invisibility for 112 gold pieces
 32175 | D:11     | Bought a potion of heal wounds for 70 gold pieces
 33029 | D:12     | Reached skill level 15 in Stealth
 33214 | D:12     | Noticed Urug
 33217 | D:12     | Killed Urug
 34610 | D:12     | Identified a scroll of acquirement
 34610 | D:12     | Acquired an amulet of magic regeneration
 34777 | D:12     | Reached skill level 5 in Polearms
 35658 | D:12     | Found a bloodstained altar of Trog.
 35902 | D:13     | Reached XP level 16. HP: 105/123 MP: 24/30
 36090 | D:13     | Found a gate to the Vaults.
 36322 | D:13     | Acquired the +7 longbow of the Onslaught {venom, Str-4
                  | Int+9}
 36536 | D:13     | You fall into a shaft and drop 2 floors!
 36536 | D:15     | Entered Level 15 of the Dungeon
 36574 | D:15     | Mangled by a wolf spider simulacrum

Illustrated notes

Levels and vault maps discovered:
D:1:      lemuel_arrival_tunnels, layout_loops_ring,
          chequers_ecumenical_altar_simple_redux, supply_closet_lemuel,
          minmay_distorted
D:2:      layout_loops_corners, chequers_serial_rivers_micro_b, uniq_sigmund
D:3:      layout_loops_ring, amcnicky_mini_pool_small
D:4:      layout_layer_cave
D:5:      layout_layer_cave, mainiacjoe_overflow_brackets, portal_sewer_entry_e,
          guppyfry_shop_venom, uniq_edmund, uniq_blork_the_orc, uniq_menkaure
D:6:      layout_cave_pools, nicolae_vehumet_altar_sigil,
          uniq_crazy_yiuf_cottage
D:7:      layout_cave_pools, minmay_temple_entry_trees, serial_gnoll_camp,
          gnoll_camp_mini_loothouse, gnoll_camp_mini_hut, gnoll_camp_huts_basic,
          gnoll_camp_mini_hut
D:8:      layout_rooms, erik_lair_orcish_takeover, uniq_maggie, uniq_amaemon,
          uniq_grum
D:9:      layout_small_grid, grunt_temple_overflow_diamond,
          minmay_orc_entry_temple_small, uniq_gastronok, uniq_joseph
D:10:     layout_basic, serial_glass, glass_columns_b, glass_columns_c,
          glass_columns_a, glass_columns_a, glass_columns_b, glass_columns_a,
          minmay_strange_pillars, feat_on_display, minmay_strange_pillars,
          corexii_checkpoint_a
D:11:     layout_basic, serial_shops, nicolae_stop_n_shop_2, uniq_lodul,
          uniq_erica
D:12:     regret_index_tunnel_blossom, layout_long_grid, trog_hazing_becter,
          uniq_urug
D:13:     layout_roguey, david_vaults_4
D:15:     hangedman_depths_entry_try_elsewhere_first, layout_basic, serial_ice,
          serial_ice_o, serial_ice_i, serial_ice_c, serial_ice_h, serial_ice_g,
          serial_ice_n, portal_ice_cave_entry_pillars_three, minivault_23
Temple:   bh_familiar_temple
Lair:1:   layout_big_grid, chequers_serial_rivers_micro_b,
          small_statue_intersection, chequers_serial_rivers_small_a
Lair:2:   layout_cave_shapes, minmay_shoals_entry_hut, gauntlet_entry_generic,
          grunt_megastairs_3
Lair:3:   layout_misc_corridors, guppyfry_snake_entry_island, minivault_19
Lair:4:   nzn_winding_woodlands_small [nzn_winding_woodlands_5x15_pockets,
          nzn_winding_woodlands_center_garden, nzn_winding_woodlands_5x15_pool],
          layout_cave_pods, nicolae_volcano_entry_two_sided,
          chequers_serial_rivers_small_b, tgw_fedhas, lemuel_fruit_fields
Lair:5:   due_jungle_book, layout_concentric_octagons,
          nicolae_slime_entry_slimehenge, serial_bayou_shore_b,
          lemuel_fruit_fields, infiniplex_staircase_pool
Orc:1:    layout_caves
Orc:2:    st_orc_rangers, layout_caves, gammafunk_ghost_abyssal_escape,
          serial_shops, bzr_entry_road, uniq_sonja, uniq_azrael

Skill      XL: |  1  2  3  4  5  6  7  8  9 10 11 12 13 14 15 16 |
---------------+-------------------------------------------------+-----
Stealth        | 3 4 5 6 7 9 10 11 12 14 15 | 15.7
Fighting       | 1 2 3 4 5 6 7 9 10 11 | 11.1
Dodging        | 3 4 5 6 7 8 9 10 11 | 11.5
Hexes          | 1 2 3 4 5 7 |  7.2
Spellcasting   | 3 4 5 6 7 8 9 10 | 10.0
Air Magic      | 1 2 3 4 5 6 7 |  7.0
Summonings     | 5 6 7 8 9 11 13 14 | 14.0
Shields        | 2 5 6 |  6.0
Polearms       | 5 6 |  6.2
Staves         | |  0.6

Action                   |  1- 3 |  4- 6 |  7- 9 | 10-12 | 13-15 | 16-18 || total
-------------------------+-------+-------+-------+-------+-------+-------++-------
Melee: Whip              |     3 |       |       |       |       |       ||     3
       Constrict         |     6 |    17 |    20 |    16 |    26 |     1 ||    86
       Tentacles         |     5 |    16 |    22 |    23 |    39 |     1 ||   106
       Dagger            |    26 |    67 |    82 |    49 |       |       ||   224
       Punch             |       |     2 |     3 |     2 |     2 |       ||     9
       Long sword        |       |       |       |    19 |       |       ||    19
       Unarmed           |       |       |       |     1 |       |       ||     1
       Lajatang          |       |       |       |    23 |    70 |       ||    93
       Quarterstaff      |       |       |       |       |    50 |     1 ||    51
Throw: Javelin           |       |       |       |     2 |       |       ||     2
 Cast: Summon Small Mamm |    16 |    15 |    35 |    26 |     6 |       ||    98
       Call Imp          |     4 |     4 |    14 |    15 |     7 |       ||    44
       Call Canine Famil |     1 |    16 |    24 |    41 |    37 |     1 ||   120
       Summon Guardian G |       |       |    18 |    35 |    46 |     3 ||   102
       Summon Lightning  |       |       |    15 |    58 |    66 |       ||   139
       Summon Mana Viper |       |       |       |    16 |    77 |     2 ||    95
       Monstrous Menager |       |       |       |       |   130 |    13 ||   143
Invok: Potion Petition   |       |       |       |     3 |     1 |       ||     4
Evoke: Wand              |       |       |     1 |     6 |    11 |       ||    18
  Use: Scroll            |       |     3 |    12 |    11 |     8 |     1 ||    35
       Potion            |       |       |     4 |    15 |     3 |     1 ||    23
 Stab: Sleeping          |    13 |    10 |     5 |     2 |     8 |       ||    38
       Distracted        |       |       |     2 |     5 |     2 |       ||     9
       Paralysed         |       |       |     1 |     2 |       |       ||     3
Armor: Skin              |     1 |     4 |     7 |    16 |    36 |       ||    64
Dodge: Dodged            |    13 |    37 |    90 |    66 |   157 |     6 ||   369
Block: Kite shield       |       |       |       |    52 |       |       ||    52
